 Dungeon Crawl Stone Soup version 0.26.0-10-g1f06aea511 (console) character file.

Game seed: 17193226112584460377

427 doot the Firebug (level 6, -4/37 HPs)
             Began as an Octopode Fire Elementalist on Jan 28, 2021.
             Killed from afar by Natasha (9 damage)
             ... with a magic dart
             ... on level 2 of the Dungeon.
             The game lasted 00:06:24 (3615 turns).

doot the Firebug (Octopode Fire Elementalist)       Turns: 3615, Time: 00:06:25

Health: -4/37      AC:  1    Str:  7    XL:     6   Next: 97%
Magic:  11/11      EV: 29    Int: 19    God:
Gold:   119        SH:  0    Dex: 13    Spells: 7/12 levels left

rFire    . . .     SeeInvis .   d - +0 dagger
rCold    . . .     Faith    .   (no shield)
rNeg     . . .     Spirit   .   (helmet restricted)
rPois    .         Reflect  .   l - amulet of the acrobat
rElec    .         Harm     .   (no ring)
rCorr    .         Rampage  .   (no ring)
Will     .....                  (no ring)
Stlth    +++.......             (no ring)
HPRegen  0.12/turn              (no ring)
MPRegen  0.12/turn              (no ring)
                                (no ring)
                                (no ring)

@: acrobat
A: almost no armour, stealthy swim, amphibious, 8 rings, constrict 8, camouflage
1, gelatinous body 1
a: no special abilities


You were on level 2 of the Dungeon.
You visited 1 branch of the dungeon, and saw 4 of its levels.

You collected 119 gold pieces.

Inventory:

Hand Weapons
 d - a +0 dagger (weapon)
Jewellery
 l - an amulet of the acrobat (around mantle)
 o - an uncursed ring of protection from cold {unknown}
Scrolls
 a - a scroll of enchant armour {unknown}
 b - a scroll of amnesia {unknown}
 e - 3 scrolls of identify {unknown}
 f - 2 scrolls of enchant weapon {unknown}
 h - a scroll of immolation {unknown}
 j - a scroll of fog {unknown}
 k - 3 scrolls of remove curse {unknown}
 n - a scroll of fear {unknown}
 p - a scroll of blinking {unknown}
Potions
 c - a potion of brilliance {unknown}
 g - a potion of haste {unknown}
 i - 2 potions of curing {unknown}
 m - a potion of attraction {unknown}


   Skills:
 + Level 0.5 Fighting
 + Level 0.9 Short Blades
 + Level 2.6 Dodging
 + Level 4.0 Stealth
 + Level 3.5 Spellcasting
 + Level 3.1 Conjurations
 + Level 5.0 Fire Magic


You had 7 spell levels left.
You knew the following spells:

 Your Spells              Type           Power        Failure   Level
a - Foxfire               Conj/Fire      72%          2%          1
b - Sticky Flame          Conj/Fire      18%          26%         4

Your spell library contained the following spells:

 Spells                   Type           Power        Failure   Level
 Conjure Flame            Conj/Fire      18%          9%          3
 Inner Flame              Hex/Fire       13%          16%         3
 Fireball                 Conj/Fire      9%           58%         5


Dungeon Overview and Level Annotations

Branches:
Dungeon (4/15)
 Temple: D:4-7

Altars:
Nemelex Xobeh

Annotations:
D:2 Natasha


Innate Abilities, Weirdness & Mutations

You cannot wear most types of armour.
You are very stealthy in the water. (Stealth+)
You are amphibious.
You can wear up to eight rings at the same time.
You can use your tentacles to constrict eight enemies at once.
Your skin changes colour to match your surroundings (Stealth+).
Your rubbery body absorbs attacks. (AC +1, EV +1)


Message History

Your Conjurations skill increases to level 3!
Your Fire Magic skill increases to level 5!
Unknown command.
Things that are here:
a +0 scythe; a +0 robe
There is a stone staircase leading up here.
You climb upwards.
Natasha, Servant of Life and Death comes into view.
There is a stone staircase leading down here.
Natasha is nearby!
Natasha wildly gestures.
Natasha glows brightly for a moment.
Natasha stares at you and mumbles some strange words.
You resist with some effort.
Natasha stares at you and mumbles some strange words.
The magic dart hits you!
* * * LOW HITPOINT WARNING * * *
Natasha stares at you and mumbles some strange words.
The magic dart hits you!
You die...

#..#.###h## #.# #####
#........#########.#
#...#
#>#####..........#.#
#.#). #.# #.#####....#.#
#...# #.# #.......####.#
##.## #.# #.#####.# #.#
#.# #.#####.# #.# #.# #.#
#.....h.# #.####.# #.#
#..####### #......# #.#
#..###...####.#########.#
#...h....@..............#
######.......<###########
#..####### #..# #..# #..#
#..# #..# ### ### #..#
##.####..
#..##########.#......
#............###...#.


You could see Natasha.

Vanquished Creatures
  Sigmund (D:3)
  A scorpion (D:4)
  A howler monkey (D:4)
  A hound (D:4)
  Natasha (twice) (D:3 D:2)
  2 adders (D:2)
  A shadow imp (D:3)
  2 oozes
  2 dart slugs
  A leopard gecko (D:3)
  6 orcs
  4 giant cockroaches
  6 goblins
  A hobgoblin (D:3)
  4 jackals (D:2)
  7 kobolds
  2 quokkas
  5 bats
  4 frilled lizards
  6 rats
59 creatures vanquished.

Vanquished Creatures (others)
  163 foxfires
163 creatures vanquished.

Grand Total: 222 creatures vanquished

Notes
Turn   | Place    | Note
-------+----------+-------------------------------------------
     0 | D:1      | doot the Octopode Fire Elementalist began the quest for the
                  | Orb.
     0 | D:1      | Reached XP level 1. HP: 11/11 MP: 3/3
    67 | D:1      | Found a sparkling altar of Nemelex Xobeh.
   264 | D:1      | Reached XP level 2. HP: 17/17 MP: 1/5
  1242 | D:2      | Found a faded altar of an unknown god.
  1250 | D:2      | Reached XP level 3. HP: 21/21 MP: 3/6
  1962 | D:3      | Reached skill level 4 in Fire Magic
  1962 | D:3      | Reached XP level 4. HP: 27/27 MP: 0/7
  2233 | D:3      | Learned a level 4 spell: Sticky Flame
  2406 | D:3      | Noticed Natasha
  2445 | D:4      | Reached XP level 5. HP: 31/31 MP: 0/9
  2954 | D:4      | Noticed an ogre
  3086 | D:3      | Killed Natasha
  3087 | D:3      | Reached XP level 6. HP: 35/36 MP: 5/10
  3179 | D:3      | Noticed Sigmund
  3222 | D:3      | Noticed Natasha
  3230 | D:2      | Killed Natasha
  3580 | D:3      | Killed Sigmund
  3581 | D:3      | Reached skill level 5 in Fire Magic
  3600 | D:2      | Noticed Natasha
  3615 | D:2      | Killed from afar by Natasha

Illustrated notes

Levels and vault maps discovered:
D:1:      dpeg_arrival_three_same_balls, layout_basic, chequers_avenue,
          nemelex_xobeh_ov_fountains_minmay
D:2:      layout_loops_ring, chequers_ecumenical_altar_island
D:3:      layout_loops_corners, uniq_grinder, uniq_natasha, uniq_sigmund
D:4:      layout_basic, serial_shops, shop, nicolae_shop_behind_doors, shop,
          nicolae_shop_stone, kennysheep_mini

Skill      XL: |  1  2  3  4  5  6 |
---------------+-------------------+-----
Fire Magic     | 4 5 |  5.0
Stealth        | 3 4 |  4.0
Conjurations   | 2 3 |  3.1
Spellcasting   | 3 |  3.5
Fighting       | |  0.5
Short Blades   | |  0.9
Dodging        | |  2.6

Action                   |  1- 3 |  4- 6 || total
-------------------------+-------+-------++-------
Melee: Dagger            |     8 |    14 ||    22
       Constrict         |     5 |     3 ||     8
       Tentacles         |     1 |     3 ||     4
 Cast: Foxfire           |    52 |    55 ||   107
       Sticky Flame      |       |     3 ||     3
 Stab: Sleeping          |     1 |     3 ||     4
Armor: Skin              |    10 |       ||    10
Dodge: Dodged            |    25 |    22 ||    47
